AoeStats
← stanley177777

Black Forest

509573523Analyzed
4v4 RM · 5d ago on Sep 27, 2026· 51m 34s· 8 players
Game mode
Random Map
Map size
Large (8 player)
Population
200
Speed
Normal
Resources
Standard
Victory
Conquest
Starting age
Dark Age
Ending age
Imperial Age
RankedLock teamsTeams togetherTeam positionsShared explorationLock speedFull tech treeHidden civsTurbo modeCheats
Victory
Defeat
🇫🇷 Franks · France
1013
+16
🇩🇪 Japanese · Germany
948
+18
🇺🇸 Vikings · United States
943
+56
🇮🇳 Chinese · India
905
+20
🇹🇼 Burgundians · Taiwan
1044
-20
🇨🇳 Mongols · China
1020
-19
🇮🇩 Portuguese · Indonesia
978
-17
🇨🇳 Chinese · China
972
-17
PrinceArthasX!!
3:26 Loom
13:42 Feudal Age
15:18 Wheelbarrow
14:45 Double-Bit Axe
20:10 Castle Age
19:18 Gold Mining
19:54 Fishing Lines
20:29 Horse Collar
21:07 Hand Cart
22:17 Bow Saw
24:48 Stone Mining
31:43 Imperial Age
29:20 Gillnets
31:19 Fletching
31:29 Padded Archer Armor
31:40 Heavy Plow
31:28 Treadmill Crane
33:54 Two-Man Saw
34:00 Guilds
34:35 Stone Shaft Mining
36:32 Chemistry
35:43 Bodkin Arrow
36:04 Leather Archer Armor
36:21 Crossbowman
37:07 Thumb Ring
38:34 Conscription
39:17 Bracer
39:32 Leather Archer Armor
39:23 Town Watch
40:03 Pikeman
42:26 Arbalester
46:01 Arquebus
47:28 Caravan
47:33 Town Patrol
47:33 Elite Organ Gun
48:55 Halberdier
49:21 Gambesons
49:22 Arson
49:53 Forging
49:43 Scale Mail Armor
49:59 Leather Archer Armor
stanley177777
3:16 Loom
6:46 Double-Bit Axe
12:34 Feudal Age
12:05 Loom
12:01 Horse Collar
13:55 Bow Saw
14:00 Gold Mining
18:26 Castle Age
17:56 Forging
17:51 Scale Barding Armor
18:46 Heavy Plow
19:55 Husbandry
19:19 Cavalier
20:40 Crop Rotation
21:06 Gold Shaft Mining
21:51 Wheelbarrow
23:41 Two-Man Saw
25:41 Hand Cart
29:04 Iron Casting
28:51 Chain Barding Armor
29:07 Iron Casting
35:33 Imperial Age
34:47 Treadmill Crane
35:18 Fortified Wall
36:13 Paladin
39:16 Blast Furnace
38:51 Plate Barding Armor
42:11 Onager
小北同学
3:26 Loom
12:47 Feudal Age
18:24 Castle Age
17:07 Horse Collar
18:15 Double-Bit Axe
812508893
11:16 Feudal Age
13:09 Double-Bit Axe
15:33 Castle Age
13:26 Horse Collar
16:44 Bow Saw
16:45 Heavy Plow
23:32 Wheelbarrow
24:47 Hand Cart
24:48 Gold Mining
24:48 Stone Mining
26:46 Gold Shaft Mining
WaRe MPaSsioN
0:36 Loom
12:08 Feudal Age
17:50 Castle Age
20:41 Wheelbarrow
19:52 Town Watch
24:50 Double-Bit Axe
24:58 Gold Mining
27:03 Murder Holes
27:53 Ballistics
27:27 Fishing Lines
28:26 Town Patrol
32:13 Imperial Age
32:26 Treadmill Crane
33:36 Conscription
33:37 Cavalier
34:14 Fletching
34:53 Bow Saw
36:03 Gold Shaft Mining
37:12 Chemistry
37:46 Paladin
38:29 Husbandry
39:05 Chivalry
39:59 Hand Cart
39:38 Stone Mining
39:46 Bodkin Arrow
40:02 Forging
39:58 Scale Barding Armor
42:52 Iron Casting
42:37 Chain Barding Armor
44:41 Blast Furnace
45:20 Plate Barding Armor
49:10 Scale Mail Armor
49:07 Bodkin Arrow
49:13 Padded Archer Armor
JAS
11:45 Feudal Age
16:36 Castle Age
14:51 Double-Bit Axe
15:43 Loom
16:10 Horse Collar
18:52 Bow Saw
22:22 Gold Mining
24:19 Stone Mining
25:19 Wheelbarrow
31:00 Imperial Age
29:33 Gold Shaft Mining
29:41 Stone Shaft Mining
29:33 Hand Cart
29:44 Padded Archer Armor
29:35 Fletching
29:56 Forging
32:19 Rocketry
34:22 Leather Archer Armor
34:03 Bodkin Arrow
34:44 Iron Casting
34:54 Elite Chu Ko Nu
36:15 Conscription
36:42 Ring Archer Armor
36:42 Bracer
38:39 Two-Man Saw
37:52 Scale Barding Armor
38:49 Blast Furnace
38:15 Scale Mail Armor
38:39 Ballistics
39:42 Sappers
45:53 Chain Barding Armor
45:54 Heavy Rocket Cart
49:00 Chain Mail Armor
leonardodavinx
3:29 Loom
11:58 Feudal Age
17:49 Castle Age
16:02 Double-Bit Axe
17:19 Stone Mining
17:23 Gold Mining
17:18 Horse Collar
19:20 Bow Saw
21:10 Scale Mail Armor
21:21 Forging
25:00 Squires
24:46 Arson
25:25 Fletching
28:41 Heavy Plow
32:50 Imperial Age
31:21 Wheelbarrow
31:40 Chain Mail Armor
32:01 Iron Casting
33:09 Gold Shaft Mining
34:01 Conscription
35:22 Two-Man Saw
34:45 Hand Cart
37:04 Plate Mail Armor
37:35 Blast Furnace
36:02 Pikeman
37:33 Halberdier
39:28 Town Watch
40:38 Kataparuto
45:58 Bodkin Arrow
46:04 Padded Archer Armor
49:13 Ballistics
49:54 Chemistry
49:29 Town Patrol
50:55 Treadmill Crane
51:14 Elite Samurai
52:32 Hoardings
vivekjames1612
3:45 Loom
15:11 Feudal Age
23:51 Gold Mining
26:49 Castle Age
28:56 Scale Mail Armor
29:07 Scale Barding Armor
29:05 Padded Archer Armor
29:20 Forging
31:52 Horse Collar
32:50 Gold Shaft Mining
35:32 Light Cavalry
42:08 Imperial Age
40:01 Heavy Plow
39:53 Double-Bit Axe
44:53 Cavalier
45:13 Heavy Scorpion
48:26 Chain Mail Armor
48:33 Chain Barding Armor
48:28 Leather Archer Armor
48:49 Iron Casting
48:05 Fletching
Connection lost

Rejoining the realm…

Still unreachable

The connection could not be restored.

Session expired

The server has moved on; the page needs a fresh start.